 Dungeon Crawl Stone Soup version 0.19.1 (webtiles) character file.

3000 HarryHood the Protected (level 9, -1/84 HPs)
             Began as a Minotaur Berserker on Nov 24, 2016.
             Was an Elder of Trog.
             Succumbed to a gnoll's poison
             ... on level 8 of the Dungeon.
             The game lasted 00:35:50 (6468 turns).

HarryHood the Protected (Minotaur Berserker)        Turns: 6468, Time: 00:35:50

Health: -1/84      AC: 15    Str: 23    XL:     9   Next: 54%
Magic:  8/8        EV:  4    Int:  4    God:    Trog [****..]
Gold:   250        SH:  0    Dex: 12    Spells: 0 memorised, 8 levels left

rFire  + . .     SeeInvis .     a - +1 mace (drain)
rCold  . . .     Gourm    .     C - +1 chain mail {rF+}
rNeg   . . .     Faith    .     B - +0 shield
rPois  .         Spirit   .     (helmet restricted)
rElec  .         Reflect  .     s - +1 cloak
rCorr  .         Harm     .     (no gloves)
MR     .....                    (no boots)
Stlth  ..........               (no amulet)
                                (no ring)
                                (no ring)

@: lethally poisoned (-1 -> -38), held
A: retaliatory headbutt, horns 2
a: Berserk, Trog's Hand, Brothers in Arms, Burn Spellbooks, Renounce Religion


You were on level 8 of the Dungeon.
You worshipped Trog.
Trog was greatly pleased with you.
You were not hungry.

You visited 2 branches of the dungeon, and saw 9 of its levels.

You collected 250 gold pieces.

Inventory:

Hand Weapons
 a - a +1 mace of draining (weapon)
Missiles
 p - 5 javelins of returning (quivered)
Armour
 s - a +1 cloak (worn)
 B - a +0 shield (worn)
 C - a +1 chain mail of fire resistance (worn)
Scrolls
 f - 3 scrolls of blinking
 j - 3 scrolls of teleportation
 q - a scroll of magic mapping
 v - 3 scrolls of remove curse
 y - a scroll of fog
Potions
 e - 3 potions of invisibility
 g - 3 potions of berserk rage
 h - 3 potions of heal wounds
 i - a potion of lignification
 k - 3 potions of haste
 l - a potion of agility {unknown}
 m - 2 potions of brilliance
 n - 4 potions of curing
 o - a potion of resistance {unknown}
 t - a potion of might
 w - 2 potions of flight {unknown}
 x - 2 potions of cure mutation {unknown}
 z - 2 potions of degeneration {unknown}
 A - a potion of mutation {unknown}
Comestibles
 b - 3 meat rations
 c - 3 bread rations
 r - 4 fruits
 u - a slice of pizza


   Skills:
 - Level 9.4 Fighting
 - Level 9.0 Maces & Flails
 - Level 10.0 Armour
 + Level 4.3 Dodging


You had 8 spell levels left.
You didn't know any spells.

Dungeon Overview and Level Annotations

Branches:
Dungeon (8/15)             Temple (1/1) D:6
   Lair: D:8-11

Altars:
Ashenzari
Cheibriados
Elyvilon
Fedhas
Gozag
Hepliaklqana
Kikubaaqudgha
Nemelex Xobeh
Okawaru
Qazlal
Ru
Sif Muna
Trog
Uskayaw
Vehumet
Xom
Yredelemnul
The Shining One


Innate Abilities, Weirdness & Mutations

You reflexively headbutt those who attack you in melee.
You have a pair of horns on your head.


Message History

* * * LOW HITPOINT WARNING * * *
You struggle against the net.
* * * LOW HITPOINT WARNING * * *
You feel very sick. The hound bites you.
* * * LOW HITPOINT WARNING * * *
The gnoll hits you from afar with a halberd of venom!
* * * LOW HITPOINT WARNING * * *
You are more poisoned.
The electric eel shoots out a bolt of lightning at you!
The bolt of electricity misses you. The hound bites you but does no damage.
You struggle against the net.
* * * LOW HITPOINT WARNING * * *
You feel very sick. The hound barely misses you.
The gnoll hits you but does no damage.
The electric eel shoots out a bolt of lightning at you!
The bolt of electricity hits you!
* * * LOW HITPOINT WARNING * * *
You struggle against the net.
You die...

....##...≈.....# ...
#......≈≈.....# ≈...
#....≈≈≈.....# ≈...#
##....≈.......# ≈....#
##.....≈.......#
≈.....##g....≈≈......##
≈≈..sgghgg†.≈≈.....###
.≈≈≈≈≈;≈≈≈≈≈≈....###
......h@(......#.#
.......#########.# ####
....... #.###..##
...[... ###.......#
....... ###..........
....... ##............
.#..... #.............
###### ##...........#
##...>.....##


You could see a scorpion, a hound, an electric eel, 5 gnolls and a jackal.

Vanquished Creatures
  Grinder (D:6)
  A hippogriff (D:7)
  Sigmund (D:5)
  Edmund (D:6)
  2 water moccasins
  Duvessa (D:4)
  3 orc warriors
  A sky beast (D:6)
  2 ogres
  An ice beast (D:4)
  A centaur (D:7)
  A gnoll sergeant (D:8)
  A bullfrog (D:6)
  Dowan (D:4)
  A scorpion (D:4)
  2 howler monkeys
  3 crimson imps
  3 orc priests (D:6)
  6 hounds
  6 orc wizards
  2 iguanas
  6 worker ants
  A hound zombie (D:7)
  6 gnolls (D:8)
  A howler monkey zombie (D:6)
  6 adders
  A shadow imp (D:5)
  2 oozes
  An adder zombie (D:7)
  An adder skeleton (D:6)
  5 worms
  4 leopard geckos
  26 orcs
  A ball python (D:2)
  6 giant cockroaches
  4 hobgoblins
  10 jackals
  2 quokkas
  3 bats
  7 frilled lizards
  6 goblins
  7 kobolds
  A leopard gecko skeleton (D:6)
  A quokka zombie (D:5)
  6 rats
  A spectral orc (D:6)
156 creatures vanquished.

Vanquished Creatures (others)
  A gnoll (D:8)
1 creature vanquished.

Grand Total: 157 creatures vanquished

Notes
Turn   | Place    | Note
-------+----------+-------------------------------------------
     0 | D:1      | HarryHood the Minotaur Berserker began the quest for the Orb.
     0 | D:1      | Reached XP level 1. HP: 19/19 MP: 0/0
   195 | D:1      | Found a sparkling altar of Nemelex Xobeh.
   292 | D:1      | Reached XP level 2. HP: 25/26 MP: 1/1
   765 | D:2      | Reached skill level 5 in Maces & Flails
   862 | D:2      | Reached XP level 3. HP: 31/31 MP: 2/2
   927 | D:2      | Reached ** piety under Trog
  1271 | D:2      | Reached XP level 4. HP: 33/39 MP: 3/3
  2297 | D:3      | Found a faded altar of an unknown god.
  2297 | D:3      | Found a radiant altar of Vehumet.
  2304 | D:3      | Found a faded altar of an unknown god.
  2306 | D:3      | Found a faded altar of an unknown god.
  2307 | D:3      | Found a faded altar of an unknown god.
  2348 | D:4      | Noticed Duvessa
  2357 | D:4      | Noticed Dowan
  2364 | D:4      | Noticed an ogre
  2367 | D:4      | Killed Duvessa
  2367 | D:4      | Reached skill level 5 in Armour
  2367 | D:4      | Reached XP level 5. HP: 39/45 MP: 4/4
  2370 | D:4      | Killed an ogre
  2370 | D:4      | Reached skill level 6 in Armour
  2370 | D:4      | Reached XP level 6. HP: 40/51 MP: 5/5
  2373 | D:4      | Killed Dowan
  2650 | D:4      | Reached skill level 5 in Fighting
  2664 | D:4      | Found a stormy altar of Qazlal.
  2866 | D:4      | Reached *** piety under Trog
  2866 | D:4      | Reached XP level 7. HP: 63/63 MP: 6/6
  3110 | D:5      | Entered Level 5 of the Dungeon
  3412 | D:5      | Noticed Sigmund
  3423 | D:5      | Killed Sigmund
  3601 | D:5      | Reached XP level 8. HP: 70/70 MP: 7/7
  3802 | D:6      | Noticed a moth of wrath
  3805 | D:6      | Found a bloodstained altar of Trog.
  3947 | D:6      | Reached skill level 7 in Armour
  4066 | D:6      | Reached skill level 8 in Armour
  4124 | D:6      | Found a staircase to the Ecumenical Temple.
  4135 | Temple   | Entered the Ecumenical Temple
  4399 | D:6      | Noticed Edmund
  4429 | D:6      | Killed Edmund
  4429 | D:6      | Reached skill level 9 in Armour
  4694 | D:6      | Noticed Grinder
  4709 | D:6      | Killed Grinder
  4709 | D:6      | Reached skill level 10 in Armour
  4801 | D:6      | Reached **** piety under Trog
  4854 | D:6      | Found a basalt altar of Yredelemnul.
  4905 | D:6      | Found a deep blue altar of Sif Muna.
  4953 | D:6      | Reached XP level 9. HP: 49/79 MP: 8/8
  4960 | D:6      | Received a gift from Trog
  5609 | D:7      | Found a hide-covered altar of Uskayaw.
  5877 | D:7      | Found a glowing golden altar of the Shining One.
  6467 | D:8      | HP: 1/84 [electric eel/bolt of electricity (9)]
  6468 | D:8      | Succumbed to a gnoll's poison

Skill      XL: |  1  2  3  4  5  6  7  8  9 |
---------------+----------------------------+-----
Maces & Flails | 4 5 6 9 |  9.0
Armour         | 5 6 10 | 10.0
Fighting       | 6 7 9 |  9.4
Dodging        | 4 |  4.3

Action                   |  1- 3 |  4- 6 |  7- 9 || total
-------------------------+-------+-------+-------++-------
Melee: Mace              |    64 |    72 |   301 ||   437
       Headbutt          |    10 |    15 |    57 ||    82
Invok: Berserk           |       |     1 |     1 ||     2
       Burn Spellbooks   |       |     1 |     1 ||     2
  Use: Scroll            |     7 |     4 |     5 ||    16
       Potion            |       |       |     1 ||     1
  Eat: Chunk             |     1 |     6 |    13 ||    20
Armor: Animal skin       |     3 |       |       ||     3
       Leather armour    |     4 |       |       ||     4
       Ring mail         |    12 |     7 |       ||    19
       Chain mail        |       |    25 |   165 ||   190
Dodge: Dodged            |    51 |    30 |   141 ||   222
Block: Shield            |       |       |    11 ||    11
